 Dungeon Crawl Stone Soup version 0.17-a0-1150-g17b0b87 (webtiles) character file.

92 Fluffy the Skirmisher (level 4, -1/41 HPs)
             Began as a Minotaur Fighter on May 27, 2015.
             Succumbed to Ijyb's poison
             ... on level 2 of the Dungeon.
             The game lasted 00:02:20 (1107 turns).

Fluffy the Skirmisher (Minotaur Fighter)            Turns: 1107, Time: 00:02:20

Health: -1/41      AC: 10    Str: 21    XL:     4   Next: 35%
Magic:  3/3        EV:  5    Int:  5    God:
Gold:   73         SH:  9    Dex: 10    Spells: 0 memorised, 3 levels left

rFire  + . .     SeeInvis .     a - +0 long sword
rCold  + . .     Clarity  .     f - +0 chain mail
rNeg   . . .     SustAt   .     c - +0 shield
rPois  +         Gourm    .     (helmet restricted)
rElec  +         Spirit   .     (no cloak)
rCorr  +         Warding  .     (no gloves)
rMut   .         Stasis   .     (no boots)
MR     .....                    (no amulet)
Stlth  ..........               q - ring of flight
                                l - +1 ring of protection

@: lethally poisoned (-1 -> -46), resistant, not resistant to hostile
enchantments, extremely unstealthy
A: retaliatory headbutt, horns 2
a: Evoke Flight


You were on level 2 of the Dungeon.
You were not hungry.

You visited 1 branch of the dungeon, and saw 2 of its levels.

You collected 73 gold pieces.

Inventory:

Hand weapons
 a - a +0 long sword (weapon)
Armour
 c - a +0 shield (worn)
 f - a +0 chain mail (worn)
Jewellery
 l - a +1 ring of protection (left hand)
 q - a ring of flight (right hand)
Magical devices
 r - a wand of flame (18)
Scrolls
 b - 2 scrolls of remove curse {unknown}
 k - a scroll of identify {unknown}
 m - a scroll of recharging {unknown}
 n - a scroll of amnesia {unknown}
 p - a scroll of fog {unknown}
Potions
 d - a potion of might
 h - a potion of agility {unknown}
 i - 2 potions of haste
 j - a potion of magic {unknown}
Comestibles
 e - a bread ration
 o - a slice of pizza


   Skills:
 + Level 4.6 Fighting
 + Level 3.9 Long Blades
 + Level 4.6 Armour
 - Level 3.6 Shields


You had 3 spell levels left.
You didn't know any spells.

Dungeon Overview and Level Annotations

Branches:
Dungeon (2/15)

Altars:

Annotations:
D:2 Ijyb


Innate Abilities, Weirdness & Mutations

You reflexively headbutt those who attack you in melee.
You have a pair of horns on your head.


Message History

You feel very sick. Ijyb hits you but does no damage.
You are more poisoned.
Your shield and chain mail prevent you from hitting Ijyb.
Ijyb is almost dead.
* * * LOW HITPOINT WARNING * * *
You feel very sick. Ijyb barely misses you.
You closely miss Ijyb.
Ijyb is almost dead.
* * * LOW HITPOINT WARNING * * *
You feel very sick. Ijyb screams, "I dance on your bones!"
Ijyb hits you but does no damage.
You are more poisoned.
You block Ijyb's attack.
Drink which item? (? for menu, Esc to quit)
It was a potion of resistance.
You feel protected.
You die...

###..####...####.#
####................#
........###..(.######
...#######..#..##
...# #......# ...#
##......# . ####
#.......# ...
####.......###.....
##
#..........@g......
.#
###..........###.....
.###....##......# .?.
.....#.##.......# .
..###........####
..##..........# .#
รท............##
#.### .##......##...#
#...##
.##....######.##
#....#


You could see Ijyb.

Vanquished Creatures
  Natasha (thrice) (D:2)
  2 adders (D:2)
  A gnoll (D:1)
  A giant gecko (D:1)
  8 bats
  A giant cockroach (D:2)
  8 goblins
  A hobgoblin (D:1)
  2 kobolds
  3 giant newts (D:1)
  3 rats (D:1)
33 creatures vanquished.

Notes
Turn   | Place    | Note
--------------------------------------------------------------
     0 | D:1      | Fluffy the Minotaur Fighter began the quest for the Orb.
     0 | D:1      | Reached XP level 1. HP: 19/19 MP: 0/0
   221 | D:1      | Reached XP level 2. HP: 27/27 MP: 1/1
   335 | D:1      | Reached skill level 4 in Armour
   541 | D:1      | Reached XP level 3. HP: 31/33 MP: 2/2
   835 | D:2      | Noticed Natasha
   841 | D:2      | Killed Natasha
   847 | D:2      | Reached XP level 4. HP: 16/40 MP: 3/3
   850 | D:2      | Noticed Natasha
   855 | D:2      | Killed Natasha
   900 | D:2      | Noticed Natasha
   904 | D:2      | Killed Natasha
  1093 | D:2      | Noticed Ijyb
  1106 | D:2      | HP: 1/41 [poisoned by Ijyb]
  1107 | D:2      | Succumbed to Ijyb's poison

Vault maps used:
D:1:      sevenhm_arrival_forest_fort_large_4
D:2:      uniq_iyjb, uniq_natasha, uniq_jessica

Action                   |  1- 3 |  4- 6 || total
-------------------------+-------+-------++-------
Melee: Long sword        |    77 |    23 ||   100
  Use: Potion            |       |     1 ||     1
  Eat: Chunk             |       |     1 ||     1
